AoeStats
← 2-ray

Black Forest

506227247Analyzed
4v4 RM · 19d ago on Sep 12, 2026· 44m 16s· 8 players
Game mode
Random Map
Map size
Large (8 player)
Population
200
Speed
Normal
Resources
Standard
Victory
Conquest
Starting age
Dark Age
Ending age
Imperial Age
RankedLock teamsTeams togetherTeam positionsShared explorationLock speedFull tech treeHidden civsTurbo modeCheats
Victory
Defeat
🇫🇷 Maya · France
1505
+13
🇷🇺 Japanese · Russia
1493
+13
🇲🇽 Ethiopians · Mexico
1466
+14
🇩🇪 Chinese · Germany
1438
+16
🇷🇴 Armenians · Romania
1553
-19
🇷🇴 Portuguese · Romania
1439
-14
🇬🇧 Bulgarians · United Kingdom
1393
-12
🇷🇴 Mongols · Romania
1354
-11
malathrock
0:26 Loom
20:47 Feudal Age
23:37 Double-Bit Axe
26:55 Castle Age
26:03 Gold Mining
25:58 Horse Collar
28:06 Bow Saw
28:16 Fletching
28:54 Heavy Plow
31:17 Crossbowman
35:10 Wheelbarrow
35:04 Bodkin Arrow
37:41 Murder Holes
39:41 Masonry
diprial
1:15 Loom
12:11 Feudal Age
14:02 Wheelbarrow
17:13 Castle Age
15:41 Double-Bit Axe
15:56 Fishing Lines
17:29 Gold Mining
18:14 Forging
17:39 Man-at-Arms
18:54 Long Swordsman
20:10 Gambesons
21:00 Squires
21:24 Arson
22:49 Scale Mail Armor
23:11 Gillnets
23:38 Horse Collar
25:52 Chain Mail Armor
26:17 Bow Saw
27:29 Iron Casting
31:02 Hand Cart
36:16 Imperial Age
33:33 Town Watch
34:23 Heavy Plow
34:14 Stone Mining
34:36 Masonry
35:38 Gold Shaft Mining
36:27 Treadmill Crane
37:07 Ballistics
37:32 Plate Mail Armor
38:03 Blast Furnace
37:12 Siege Engineers
36:36 Two-Handed Swordsman
37:47 Fletching
37:34 Champion
41:17 Two-Man Saw
41:19 Chemistry
42:26 Conscription
43:47 Kataparuto
VX | El Venenudo
6:20 Loom
12:36 Feudal Age
16:25 Castle Age
14:18 Fletching
14:48 Padded Archer Armor
14:50 Double-Bit Axe
16:35 Crossbowman
17:12 Bodkin Arrow
28:50 Ballistics
29:11 Wheelbarrow
29:12 Leather Archer Armor
31:32 Hand Cart
31:16 Gold Mining
33:12 Gold Shaft Mining
36:11 Imperial Age
35:41 Thumb Ring
36:32 Bow Saw
36:02 Horse Collar
36:14 Stone Mining
36:27 Scale Mail Armor
36:15 Arbalester
37:02 Bracer
38:17 Chemistry
39:40 Ring Archer Armor
39:18 Siege Engineers
41:56 Stone Shaft Mining
41:39 Chain Mail Armor
41:26 Squires
2-ray
0:40 Loom
12:29 Feudal Age
13:02 Double-Bit Axe
16:00 Castle Age
17:02 Bow Saw
17:35 Wheelbarrow
17:13 Gold Mining
17:22 Fishing Lines
18:19 Horse Collar
20:44 Gold Mining
22:32 Heavy Plow
22:46 Fervor
23:29 Gold Shaft Mining
24:12 Hand Cart
27:43 Imperial Age
25:39 Scale Mail Armor
25:48 Stone Mining
26:21 Forging
27:17 Squires
27:48 Capped Ram
28:52 Chain Mail Armor
28:00 Elite Fire Lancer
30:06 Two-Man Saw
30:07 Plate Mail Armor
29:29 Siege Ram
31:18 Stone Shaft Mining
30:11 Heavy Rocket Cart
31:58 Iron Casting
35:03 Blast Furnace
33:54 Heavy Scorpion
35:21 Ballistics
35:22 Shipwright
36:02 Chemistry
35:39 Masonry
37:06 Rocketry
37:07 Conscription
36:36 Man-at-Arms
38:22 Long Swordsman
39:27 Caravan
39:52 Fortified Wall
39:43 Two-Handed Swordsman
41:13 Coinage
40:19 Champion
43:17 Arson
Hartung
0:36 Loom
21:03 Feudal Age
21:58 Double-Bit Axe
26:03 Castle Age
40:51 Fletching
45:27 Imperial Age
43:34 Wheelbarrow
mihai.flacaul
12:15 Feudal Age
13:05 Double-Bit Axe
13:20 Double-Bit Axe
15:47 Castle Age
16:56 Bow Saw
16:33 Fishing Lines
18:09 Gillnets
19:20 Town Watch
19:39 Horse Collar
20:49 Wheelbarrow
20:33 Heavy Plow
23:12 Hand Cart
28:57 Imperial Age
27:13 Scale Mail Armor
27:23 Forging
27:28 Gambesons
27:03 Man-at-Arms
27:44 Squires
28:12 Chain Mail Armor
28:32 Iron Casting
28:04 Stone Mining
28:07 Gold Mining
28:10 Arson
28:20 Long Swordsman
29:53 Gold Shaft Mining
29:01 Two-Handed Swordsman
30:16 Plate Mail Armor
30:04 Champion
31:29 Loom
32:28 Conscription
32:23 Fereters
33:23 Blast Furnace
33:56 Conscription
32:56 Elite Composite Bowman
39:42 Capped Ram
PiTiC s4s
0:28 Loom
11:34 Feudal Age
17:42 Fishing Lines
20:34 Castle Age
24:30 Double-Bit Axe
25:43 Stone Mining
30:37 Man-at-Arms
31:29 Forging
31:41 Squires
37:02 Fletching
36:54 Horse Collar
Tudorica
6:27 Loom
12:11 Feudal Age
13:39 Double-Bit Axe
14:36 Horse Collar
14:41 Fishing Lines
17:15 Castle Age
15:13 Gold Mining
23:18 Imperial Age
21:31 Bow Saw
22:54 Fortified Wall
25:23 Chemistry
39:49 Wheelbarrow
Connection lost

Rejoining the realm…

Still unreachable

The connection could not be restored.

Session expired

The server has moved on; the page needs a fresh start.